 Dungeon Crawl Stone Soup version 0.27-a0-1105-g946c659c87 (webtiles) character file.

Game seed: 12538545434503509800

67 robertstho the Magician (level 4, -4/31 HPs)
             Began as a Djinni Fire Elementalist on Apr 30, 2021.
             Slain by Terence
             ... wielding a +3 antimagic trident
              (12 damage)
             ... on level 2 of the Dungeon.
             The game lasted 00:02:51 (2479 turns).

robertstho the Magician (Djinni Fire Elementalist)  Turns: 2479, Time: 00:02:52

Health: -4/31      AC:  2    Str:  7    XL:     4   Next: 18%
Gold:   36         EV: 12    Int: 18    God:
                   SH:  0    Dex: 13

rFire    + + .     SeeInvis .   i - +0 short sword
rCold    x . .     Faith    .   (no shield)
rNeg     . . .     Spirit   .   a - +0 robe
rPois    ∞         Reflect  .   (no helmet)
rElec    .         Harm     .   (no cloak)
rCorr    .         Rampage  .   (no gloves)
Will     .....                  (boots unavailable)
Stlth    ++........             (no amulet)
HPRegen  0.10/turn              (no ring)
MPRegen  0.00/turn              (no ring)

@: flying
A: fire resistance 2, cold vulnerability 1, float, innate caster, hp casting,
extra vitality 1
a: no special abilities


You were on level 2 of the Dungeon.
You visited 1 branch of the dungeon, and saw 2 of its levels.

You collected 36 gold pieces.

Inventory:

Hand Weapons
 i - a +0 short sword (weapon)
Armour
 a - a +0 robe (worn)
Scrolls
 b - a scroll of amnesia {unknown}
 c - a scroll of holy word {unknown}
 d - a scroll of enchant weapon {unknown}
 e - a scroll of magic mapping {unknown}
 h - 3 scrolls of identify {unknown}
Potions
 f - a potion of degeneration {unknown}
 g - a potion of lignification {unknown}
 j - 2 potions of invisibility {unknown}


   Skills:
 + Level 0.1 Fighting
 + Level 2.6 Dodging
 + Level 2.0 Stealth
 + Level 3.8 Spellcasting


You couldn't memorise any spells.
You knew the following spells:

 Your Spells              Type           Power      Damage    Failure   Level
a - Foxfire               Conj/Fire      68%        2x1d7     3%          1
b - Conjure Flame         Conj/Fire      17%        6-21      10%         3
c - Inner Flame           Hex/Fire       17%        N/A       10%         3
d - Sticky Flame          Conj/Fire      17%        2d4       30%         4
e - Fireball              Conj/Fire      8%         3d6       65%         5
f - Animate Skeleton      Necr           34%        N/A       3%          1
Your spell library was empty.

Dungeon Overview and Level Annotations

Branches:
Dungeon (2/15)

Altars:

Annotations:
D:2 Terence


Innate Abilities, Weirdness & Mutations

You are immune to poison.
Your flesh is very heat resistant. (rF++)
You are vulnerable to cold. (rC-)
You float through the air rather than walking.
You learn spells naturally, not from books.
Your magical power is your life essence.
You have superior vitality. (+4 HP)


Message History

There is an open door here.
You hit the bat but do no damage. The bat closely misses you. The bat hits you.
You closely miss the bat. The bat hits you.
The bat hits you but does no damage.
Casting: Foxfire (safe; 3% risk of failure)
Press: ? - help, Q - select action, (/) - cycle Dir - look around, f - activate You conjure some foxfire!
The bat closely misses you.
Unknown command.
Casting: Foxfire (safe; 3% risk of failure)
Press: ? - help, Q - select action, (/) - cycle Dir - look around, f - activate You conjure some foxfire!
The foxfire hits the bat.
You kill the bat!
Unknown command.
Casting: Foxfire (safe; 3% risk of failure)
Press: ? - help, Q - select action, (/) - cycle Dir - look around, f - activate You conjure some foxfire!
Your foxfire dissipates!
Your foxfire dissipates! x3
Your foxfire dissipates!
Terence the Incautious comes into view.
He is wielding a +3 antimagic trident.
Terence drinks a potion.
Terence seems to speed up.
Terence is nearby!
Terence is nearby!
Terence is nearby!
Terence is nearby!
Casting: Foxfire (safe; 3% risk of failure)
Press: ? - help, Q - select action, (/) - cycle Dir - look around, f - activate You miscast Foxfire.
You are very lightly contaminated with residual magic.
Nothing appears to happen.
Terence hits you from afar with a +3 antimagic trident!
There is an open door here.
Terence hits you from afar with a +3 antimagic trident!
* * * LOW HITPOINT WARNING * * *
Your magical contamination has completely faded away.
Terence barely misses you.
Terence hits you from afar with a +3 antimagic trident!
You die...

...####............†...#
#.........##.##†##....#
.#####............##.##....#
................####.##....###
.......##'#####.# #.#######..
....... #.# #.# #.# #.#
....... #.#####.# #.#######.#
....... #.#.....####......##.#
##...## #..@.@............##.#
#... ###.#..<..........##.#
#... .>.(...............##.#
####...............#...
#.######...........#
#####.#.........#.#####.
#..........#.##.#.#####.
'..........#............
#..........#....#..#.##.


You could see Terence (fast).

Vanquished Creatures
  2 adders (D:2)
  A dart slug (D:2)
  2 endoplasms (D:1)
  4 giant cockroaches
  5 goblins
  5 hobgoblins
  10 jackals (D:1)
  A quokka (D:2)
  2 ball pythons (D:1)
  3 bats
  3 frilled lizards
  4 rats
42 creatures vanquished.

Vanquished Creatures (others)
  191 foxfires
191 creatures vanquished.

Grand Total: 233 creatures vanquished

Notes
Turn   | Place    | Note
-------+----------+-------------------------------------------
     0 | D:1      | robertstho the Djinni Fire Elementalist began the quest for
                  | the Orb.
     0 | D:1      | Reached XP level 1. HP: 15/15 MP: 0/0
   155 | D:1      | Reached skill level 3 in Spellcasting
   225 | D:1      | Reached XP level 2. HP: 17/21 MP: 0/0
   815 | D:1      | Reached XP level 3. HP: 20/25 MP: 0/0
   815 | D:1      | Learned a level 1 spell: Animate Skeleton
  2212 | D:2      | Reached XP level 4. HP: 25/31 MP: 0/0
  2469 | D:2      | Noticed Terence
  2479 | D:2      | Slain by Terence

Illustrated notes

Levels and vault maps discovered:
D:1:      minmay_arrival_four_houses, layout_basic
D:2:      layout_basic, uniq_terence

Skill      XL: |  1  2  3 |
---------------+----------+-----
Spellcasting   | 3 |  3.8
Stealth        | 2 |  2.0
Fighting       | |  0.1
Dodging        | |  2.6

Action                   |  1- 3 |  4- 6 || total
-------------------------+-------+-------++-------
Melee: Short sword       |       |     2 ||     2
 Cast: Foxfire           |   106 |     8 ||   114
Armor: Robe              |     6 |     7 ||    13
Dodge: Dodged            |    23 |     3 ||    26

Table legend: (Time is in decaauts)
 A = Elapsed time spent in this place.
 B = Non-inter-level travel time spent in this place.
 C = Inter-level travel time spent in this place.
 D = Time resting spent in this place.
 E = Time spent auto-exploring this place.
 F = Levels seen in this place.
 G = Mean time per level.
                   A        B        C        D        E       F      G
               +--------+--------+--------+--------+--------+-----+--------+
         Total |   2478 |   2462 |     16 |      0 |   2226 |   2 | 1239.0 |
       Dungeon |   2478 |   2462 |     16 |      0 |   2226 |   2 | 1239.0 |
               +--------+--------+--------+--------+--------+-----+--------+

Top non-repeatable levels by time:
     D:1: 1492 daAuts
     D:2: 985 daAuts
